 Dungeon Crawl Stone Soup version 0.30.0-29-ga12c61a403 (webtiles) character file.

Game seed: 2127451806932508777

94562 DemonSlayer the Thaumaturge (level 15, -12/108 HPs)
             Began as a Demonspawn Earth Elementalist on June 25, 2023.
             Was the Champion of Dithmenos.
             Killed from afar by a deep elf zephyrmancer (25 damage)
             ... with a bolt of lightning
             ... on level 14 of the Dungeon.
             The game lasted 01:08:47 (33227 turns).

DemonSlayer the Thaumaturge (DsEE)                 Turns: 33227, Time: 01:08:47

Health: -12/108    AC: 14    Str:  9    XL:     15   Next: 63%
Magic:  40/48      EV: 16    Int: 33    God:    Dithmenos [******]
Gold:   1663       SH:  0    Dex: 20    Spells: 15/43 levels left

rFire   . . .        j - +6 Majin-Bo {spellvamp, MP+6 Int+6}
rCold   . . .        (no shield)
rNeg    + . .        a - +4 Cigotuvi's embrace {Corpsefed rMiasma Drain rN+}
rPois   +            A - +1 hat {Stlth+}
rElec   .            B - +0 cloak "Aqasef" {rPois Int+4}
rCorr   .            (no gloves)
SInv    .            w - +0 pair of boots {Fly}
Will    +....        y - amulet of regeneration
Stlth   ++++++++     b - +6 ring of dexterity
HPRegen 1.18/turn    H - ring of magical power
MPRegen 0.31/turn

%: no passive effects
@: flying, wreathed by umbra
A: hooves 1, rugged brown scales 3, demonic guardian 3, spiny 2
a: Renounce Religion, Shadow Step, Shadow Form


You were on level 14 of the Dungeon.
You worshipped Dithmenos.
Dithmenos was exalted by your worship.
You visited 4 branches of the dungeon, and saw 22 of its levels.
You also visited: Gauntlet and Volcano.

You collected 3165 gold pieces.
You spent 1502 gold pieces at shops.

Inventory:

Hand Weapons
 j - the +6 Majin-Bo (weapon) {spellvamp, MP+6 Int+6}
   (You acquired it on level 8 of the Dungeon)

   Int:       It affects your intelligence (+6).
   MP:        It affects your magic capacity (+6).
Missiles
 F - 7 curare-tipped darts
Armour
 a - the +4 Cigotuvi's embrace (worn) {Corpsefed rMiasma Drain rN+}
   (You found it on level 4 of the Lair of Beasts)

   Corpsefed: It gathers nearby corpses to temporarily increase the armour it
   provides.
   rMiasma:   It protects you from foul pestilence.
   rN:        It protects you from negative energy.
   Drain:     It drains your maximum health when unequipped.
 w - a +0 pair of boots of flying (worn)
 A - a +1 hat of stealth (worn)
 B - the +0 cloak "Aqasef" (worn) {rPois Int+4}
   (You found it on level 8 of the Dungeon)

   Int:       It affects your intelligence (+4).
   rPois:     It protects you from poison.
Jewellery
 b - a +6 ring of dexterity (left hand)
 h - a ring of positive energy
 u - a ring of flight
 y - an amulet of regeneration (around neck)
 H - a ring of magical power (right hand)
 I - a ring of ice
Wands
 c - a wand of charming (19)
 e - a wand of flame (30)
 s - a wand of polymorph (7)
 z - a wand of digging (9)
 C - a wand of mindburst (10)
 O - a wand of iceblast (6)
Scrolls
 f - 5 scrolls of teleportation
 i - 3 scrolls of poison
 n - 3 scrolls of blinking
 o - 3 scrolls of amnesia
 q - 3 scrolls of fog
 G - 3 scrolls of magic mapping
 J - 2 scrolls of immolation
Potions
 d - 5 potions of mutation
 g - 3 potions of might
 k - 2 potions of invisibility
 l - 13 potions of curing
 m - 7 potions of attraction
 r - 5 potions of cancellation
 t - a potion of flight
 v - 4 potions of brilliance
 D - 4 potions of lignification
 L - a potion of haste
 M - a potion of resistance
 N - a potion of magic
 P - a potion of berserk rage
Miscellaneous
 K - a lightning rod (4/4)


   Skills:
 + Level 4.6 Fighting
 + Level 0.4 Short Blades
 + Level 5.2 Staves
 + Level 2.2 Throwing
 + Level 6.6 Armour
 + Level 6.8 Dodging
 + Level 5.4 Stealth
 + Level 14.8 Spellcasting
 + Level 12.5 Conjurations
 + Level 1.4 Transmutations
 + Level 13.6 Earth Magic
 + Level 2.5 Evocations


You had 15 spell levels left.
You knew the following spells:

 Your Spells              Type           Power      Damage    Failure   Level
a - Sandblast             Erth           100%       2d20      0%          1
b - Passwall              Tmut/Erth      54%        N/A       1%          2
c - Stone Arrow           Conj/Erth      100%       3d13      1%          3
d - Petrify               Tmut/Erth      65%        N/A       1%          4
e - Leda's Liquefaction   Hex/Erth       31%        N/A       1%          4
f - Statue Form           Tmut/Erth      43%        N/A       16%         6
g - Mephitic Cloud        Conj/Pois/Air  51%        N/A       1%          3
h - Blink                 Tloc           48%        N/A       3%          2
i - Swiftness             Air            24%        N/A       7%          3

Your spell library contained the following spells:

 Spells                   Type           Power      Damage    Failure   Level
 Magic Dart               Conj           100%       1d8       0%          1
 Beastly Appendage        Tmut           68%        N/A       1%          1
 Kiss of Death            Conj/Necr      100%       2d13      1%          1
 Momentum Strike          Conj/Tloc      100%       3d10      1%          2
 Wereblood                Tmut           34%        N/A       1%          2
 Apportation              Tloc           48%        N/A       2%          1
 Necrotise                Necr           96%        1d8       2%          1
 Slow                     Hex            96%        N/A       2%          1
 Call Imp                 Summ           48%        N/A       3%          2
 Ensorcelled Hibernation  Hex/Ice        48%        N/A       3%          2
 Lesser Beckoning         Tloc           48%        N/A       3%          2
 Spider Form              Tmut/Pois      29%        N/A       4%          3
 Confusing Touch          Hex            24%        N/A       7%          3
 Frozen Ramparts          Ice            48%        1d8       7%          3
 Inner Flame              Hex/Fire       24%        N/A       7%          3
 Ozocubu's Armour         Ice            24%        N/A       7%          3
 Vampiric Draining        Necr           24%        2d7       7%          3
 Ice Form                 Ice/Tmut       29%        N/A       17%         4
 Airstrike                Air            12%        2d(2-18)  22%         4
 Summon Ice Beast         Ice/Summ       24%        N/A       22%         4
 Yara's Violent Unravell  Hex/Tmut       14%        3d7       43%         5
 Agony                    Necr           24%        N/A       54%         5
 Metabolic Englaciation   Hex/Ice        12%        N/A       54%         5
 Summon Mana Viper        Hex/Summ       24%        N/A       54%         5
 Dispersal                Tloc           12%        N/A       98%         6
 Enfeeble                 Hex            12%        N/A       100%        7
 Malign Gateway           Summ/Tloc      12%        N/A       100%        7
 Ozocubu's Refrigeration  Ice            12%        4d10      100%        7


Dungeon Overview and Level Annotations

Branches:
Dungeon (14/15)            Temple (1/1) D:4            Lair (5/5) D:9
 Shoals (0/4) Lair:3        Snake (0/4) Lair:3        Slime (0/5) Lair:4
    Orc (2/2) D:9             Elf (0/3) Orc:2        Vaults (0/5) D:13
Volcano (visited)         Gauntlet (visited)

Altars:
Ashenzari
Cheibriados
Dithmenos
Fedhas
Gozag
Hepliaklqana
Kikubaaqudgha
Makhleb
Nemelex Xobeh
Okawaru
Qazlal
Ru
Sif Muna
Trog
Uskayaw
Vehumet
Wu Jian
Xom
Yredelemnul

Shops:
D:2 (   D:11 :   D:12 (   D:13 !   Orc:1 (   Orc:2 :*[(

Portals:
Trove: D:13 (give 7 potions of haste)


Innate Abilities, Weirdness & Mutations

You have large cloven feet.
You are completely covered in rugged brown scales. (AC +3, +7% HP)
A powerful demonic guardian rushes to your aid.
You are mostly covered in sharp spines.


Message History

The deep elf knight flickers and vanishes!
Deactivating autopickup; reactivate with Ctrl-A.
The queen bee stings your reaper.
The stone arrow hits the deep elf pyromancer!!
You feel better.
The deep elf pyromancer is severely wounded.
Your shadow mimicks your spell!
The shadow shard misses the deep elf pyromancer.
The deep elf archer is struck by your spines.
The deep elf archer barely misses you.
Your reaper hits the queen bee with a +4 heavy scythe.
The queen bee stings your reaper.
The deep elf pyromancer gestures at you while chanting.
The bolt of fire hits you!!
You hear some strange, mumbled words.
A lance of force appears from out of thin air!
The lance of force hits you!!
You are knocked back by the lance of force.
You slam into the rock wall!
* * * LOW HITPOINT WARNING * * *
You are too injured to fight recklessly!
Unknown command.
You are too injured to fight recklessly!
Unknown command.
You are too injured to fight recklessly!
Unknown command.
You feel much better.
The deep elf archer unwields a +0 dagger.
The deep elf archer wields a +1 longbow of freezing.
It is covered in frost.
The deep elf archer shoots an arrow.
The arrow hits you!!
* * * LOW HITPOINT WARNING * * *
You emit a cloud of dark smoke.
The arrow freezes you!
* * * LOW HITPOINT WARNING * * *
The deep elf zephyrmancer casts a spell at you.
The bolt of lightning hits the deep elf archer!!!
The deep elf archer dies!
The bolt of lightning hits your reaper!!
The bolt of lightning hits you!!
You die...

#..........#
#..........#
#..........#
#..........#
#...$......#
#..ey......#
#..e)2§§...#
#..{<§@#
#....§.#
..........#
....<.....#
..##......#
. #......#
#......#
#......#


You could see a deep elf pyromancer, a deep elf zephyrmancer (ally target), a
queen bee and a friendly reaper (summoned).

Vanquished Creatures
  Gastronok (D:9)
  A minotaur (Gauntlet)
  A dire elephant (Lair:5)
  Josephine (Orc:1)
  5 hydras
  3 vault guards (D:13)
  Erolcha (D:9)
  A dancing weapon (Volcano)
  3 centaur warriors
  4 two-headed ogres
  A boulder beetle (D:13)
  3 death yaks (Lair:5)
  4 orc high priests
  A skyshark (Lair:4)
  A skeletal warrior (D:12)
  A lindwurm (Lair:5)
  6 wizards
  2 deep elf zephyrmancers
  5 orc knights
  3 deep elf pyromancers
  5 orc sorcerers
  2 ugly things
  3 manticores
  Maurice (D:9)
  A salamander (shapeshifter) (D:12)
  5 toenail golems (Volcano)
  6 cyclopes
  13 elephants
  Joseph (D:7)
  8 black mambas
  An apocalypse crab (Gauntlet)
  9 cane toads
  2 gargoyles
  2 torpor snails
  2 unseen horrors (D:12)
  Maggie (D:7)
  4 rime drakes
  13 komodo dragons
  A rime drake (shapeshifter) (D:13)
  A hornet (D:9)
  4 trolls
  7 polar bears
  10 blink frogs
  8 dream sheep
  A snapping turtle (Lair:3)
  3 slime creatures (D:12)
  5 flying skulls (Gauntlet)
  A vampire (D:11)
  5 wraiths
  A shadow (D:10)
  61 yaks
  5 wyverns
  3 basilisks
  8 humans (D:13)
  14 vampire mosquitoes
  5 wargs
  2 nagas (Lair:3)
  Edmund (D:6)
  2 acid dragons
  A swamp drake (Orc:2)
  15 water moccasins
  A floating eye (shapeshifter) (D:12)
  14 hell hounds
  5 ice beasts
  30 orc warriors
  15 black bears
  24 wolves
  5 ogres
  8 centaurs
  A phantom (D:6)
  17 bullfrogs
  A gnoll sergeant (D:11)
  Blork the orc (Orc:2)
  5 scorpions
  A howler monkey (D:7)
  2 electric eels
  A crimson imp (Orc:2)
  3 jellies
  A hound (D:6)
  An iron imp (Orc:1)
  2 sleepcaps
  21 orc priests
  3 iguanas
  25 orc wizards
  A boggart simulacrum (D:12)
  2 gnolls (D:11)
  9 adders
  3 shadow imps
  3 white imps
  3 ufetubi
  A worm (D:2)
  4 dart slugs
  90 orcs
  9 ball pythons
  4 bats
  11 endoplasms
  5 giant cockroaches
  7 goblins
  4 hobgoblins
  6 jackals
  3 quokkas
  5 frilled lizards
  10 kobolds
  4 rats
662 creatures vanquished.

Vanquished Creatures (collateral kills)
  An orc warlord (Orc:2)
  Azrael (Orc:2)
  A catoblepas (Lair:5)
  Pikel (D:8)
  An orc sorcerer (Orc:2)
  An elephant (Lair:5)
  A torpor snail (Lair:5)
  4 polar bears
  A blink frog (Lair:1)
  6 yaks
  6 hell hounds (Lair:5)
  5 orc warriors
  3 wolves
  A centaur (D:8)
  2 orc wizards
35 creatures vanquished.

Vanquished Creatures (others)
  A deep elf archer (D:14)
  A human (D:13)
  An orc warrior (Orc:1)
  2 orc wizards
  A white imp (Orc:2)
  3 orcs
9 creatures vanquished.

Grand Total: 706 creatures vanquished

Notes
Turn   | Place    | Note
-------+----------+-------------------------------------------
     0 | D:1      | DemonSlayer the Demonspawn Earth Elementalist began the
                  | quest for the Orb.
     0 | D:1      | Reached XP level 1. HP: 13/13 MP: 3/3
   281 | D:1      | Gained mutation: A weak demonic guardian rushes to your
                  | aid. [demonic ancestry]
   281 | D:1      | Reached XP level 2. HP: 19/19 MP: 3/5
   284 | D:1      | Learned a level 2 spell: Passwall
   966 | D:2      | Gained mutation: You are partially covered in sharp spines.
                  | [demonic ancestry]
   966 | D:2      | Reached XP level 3. HP: 14/24 MP: 1/6
  1334 | D:2      | Learned a level 3 spell: Stone Arrow
  1480 | D:2      | Gained mutation: You are partially covered in rugged brown
                  | scales. (AC +1, +3% HP) [demonic ancestry]
  1480 | D:2      | Reached XP level 4. HP: 24/30 MP: 4/8
  1674 | D:2      | Found Qiben's Weapon Boutique.
  1680 | D:2      | Reached skill level 3 in Spellcasting
  2547 | D:3      | You fall into a shaft and drop 2 floors!
  2547 | D:5      | Entered Level 5 of the Dungeon
  2655 | D:5      | Gained mutation: You are mostly covered in rugged brown
                  | scales. (AC +2, +5% HP) [demonic ancestry]
  2655 | D:5      | Reached XP level 5. HP: 30/36 MP: 7/10
  2731 | D:5      | Reached skill level 1 in Armour
  2914 | D:5      | Found a hazy altar of Hepliaklqana.
  2987 | D:5      | Found a shimmering blue altar of Sif Muna.
  3107 | D:5      | Gained mutation: A demonic guardian rushes to your aid.
                  | [demonic ancestry]
  3107 | D:5      | Reached XP level 6. HP: 43/43 MP: 5/11
  3232 | D:5      | Noticed a yak
  3232 | D:5      | Noticed a yak
  3232 | D:5      | Noticed a yak
  3313 | D:4      | Reached skill level 4 in Spellcasting
  3438 | D:4      | Found a staircase to the Ecumenical Temple.
  3450 | Temple   | Entered the Ecumenical Temple
  4753 | D:3      | Found a blossoming altar of Fedhas.
  4755 | D:3      | Found an iron altar of Okawaru.
  4778 | D:3      | Reached skill level 5 in Earth Magic
  4939 | D:3      | Found a basalt altar of Yredelemnul.
  4939 | D:3      | Found a broken altar of Ashenzari.
  5125 | D:5      | Got Sif Muna's Reference Book on Dark Deeds
  5355 | D:5      | Gained mutation: You are completely covered in rugged brown
                  | scales. (AC +3, +7% HP) [demonic ancestry]
  5355 | D:5      | Reached XP level 7. HP: 43/49 MP: 9/14
  5581 | D:5      | Reached skill level 5 in Spellcasting
  5751 | D:5      | Noticed a yak
  5755 | D:5      | Noticed a yak
  5758 | D:5      | Killed a yak
  5759 | D:5      | Reached XP level 8. HP: 56/56 MP: 16/16
  5762 | D:5      | Reached skill level 6 in Spellcasting
  5768 | D:5      | Reached skill level 1 in Evocations
  5872 | D:5      | Learned a level 4 spell: Petrify
  6161 | D:6      | Reached skill level 1 in Fighting
  6161 | D:6      | Reached skill level 1 in Conjurations
  6331 | D:6      | Found a bloodstained altar of Trog.
  6335 | D:6      | Reached skill level 7 in Spellcasting
  6335 | D:6      | Noticed Edmund
  6343 | D:6      | Killed Edmund
  6351 | D:6      | Gained mutation: A powerful demonic guardian rushes to your
                  | aid. [demonic ancestry]
  6351 | D:6      | Reached XP level 9. HP: 53/63 MP: 0/19
  7332 | D:7      | Noticed Maggie
  7333 | D:7      | Noticed Joseph
  7895 | D:7      | Killed Maggie
  7937 | D:7      | Killed Joseph
  7938 | D:7      | Reached skill level 1 in Throwing
  8178 | D:8      | Reached skill level 8 in Spellcasting
  8178 | D:8      | Identified the +7 falchion of Wu Jian's Hatred {spect,
                  | Contam Fragile rCorr Str+4}
  8434 | D:8      | Identified the +5 ring mail of the Final Heavens {+Inv
                  | Int+3 Stlth-}
  8822 | D:8      | Identified the +7 hand axe of Urphed {freeze, rElec rPois
                  | Int+5 Dex-4}
  8824 | D:8      | Identified a scroll of acquirement
  8825 | D:8      | Noticed Pikel
  8874 | D:8      | Acquired the +6 Majin-Bo {spellvamp, MP+6 Int+6}
  8874 | D:8      | Found the +6 Majin-Bo {spellvamp, MP+6 Int+6}
  8977 | D:8      | Killed Pikel
  8978 | D:8      | Gained mutation: You are mostly covered in sharp spines.
                  | [demonic ancestry]
  8978 | D:8      | Reached XP level 10. HP: 41/69 MP: 14/22
  9315 | D:8      | Identified the +0 cloak "Aqasef" {rPois Int+4}
  9666 | D:8      | Found a shadowy altar of Dithmenos.
  9673 | D:8      | Became a worshipper of Dithmenos the Shadowed
 10168 | D:9      | Found a staircase to the Lair.
 10387 | D:9      | Found a staircase to the Orcish Mines.
 10478 | D:9      | Noticed Erolcha
 10486 | D:9      | Killed Erolcha
 10486 | D:9      | Reached * piety under Dithmenos
 10487 | D:9      | Reached skill level 1 in Staves
 10487 | D:9      | Reached skill level 9 in Spellcasting
 10798 | D:9      | Reached skill level 5 in Conjurations
 11278 | D:9      | Noticed Gastronok
 11290 | D:9      | Killed Gastronok
 11291 | D:9      | Reached XP level 11. HP: 76/77 MP: 15/24
 11462 | D:9      | Noticed Maurice
 11473 | D:9      | Killed Maurice
 11978 | Lair:1   | Entered Level 1 of the Lair of Beasts
 12429 | Lair:1   | Identified the +8 chain mail "Zitren Bucla" {rF+ rN+ Will-
                  | Str+4}
 12809 | Lair:1   | Reached skill level 10 in Spellcasting
 13407 | Lair:2   | Reached ** piety under Dithmenos
 13839 | Lair:2   | Reached XP level 12. HP: 52/86 MP: 26/26
 14343 | Lair:2   | Identified the +1 morningstar "Porch" {freeze, rF+}
 14627 | Lair:2   | Reached skill level 11 in Spellcasting
 14627 | Lair:2   | Reached skill level 10 in Earth Magic
 15399 | Lair:3   | Reached skill level 5 in Armour
 15474 | Lair:3   | Noticed a six-headed hydra
 15494 | Lair:3   | Killed a six-headed hydra
 15646 | Lair:3   | Reached *** piety under Dithmenos
 15866 | Lair:3   | Reached skill level 5 in Stealth
 15866 | Lair:3   | Found a staircase to the Snake Pit.
 16095 | Lair:3   | You fall into a shaft and drop 2 floors!
 16095 | Lair:5   | Entered Level 5 of the Lair of Beasts
 16115 | Lair:5   | Noticed a seven-headed hydra
 16123 | Lair:5   | Killed a seven-headed hydra
 16514 | Lair:5   | Reached XP level 13. HP: 94/94 MP: 28/28
 17158 | Lair:5   | Reached **** piety under Dithmenos
 17169 | Lair:5   | Reached skill level 12 in Spellcasting
 17404 | Lair:5   | Reached skill level 5 in Dodging
 17865 | Lair:5   | Noticed a dire elephant
 18618 | Lair:5   | Killed a dire elephant
 18730 | Lair:5   | Got Sif Muna's Tome of Baleful Voltage
 19433 | Lair:5   | Reached ***** piety under Dithmenos
 19673 | Lair:4   | Found the +4 Cigotuvi's embrace {Corpsefed rMiasma Drain
                  | rN+}
 19681 | Lair:4   | Found a dark tunnel.
 19710 | Volcano  | Entered a volcano
 19908 | Volcano  | Reached skill level 13 in Spellcasting
 19937 | Volcano  | Reached skill level 10 in Conjurations
 20112 | Volcano  | Reached XP level 14. HP: 76/101 MP: 26/31
 21475 | Lair:4   | Found a staircase to the Slime Pits.
 21901 | Lair:4   | Learned a level 4 spell: Leda's Liquefaction
 21908 | Lair:4   | Learned a level 6 spell: Statue Form
 22327 | Lair:3   | Found a staircase to the Shoals.
 22942 | Orc:1    | Entered Level 1 of the Orcish Mines
 23617 | Orc:2    | Entered Level 2 of the Orcish Mines
 23807 | Orc:2    | Reached ****** piety under Dithmenos
 23897 | Orc:2    | Found a staircase to the Elven Halls.
 23928 | Orc:2    | Noticed Blork the orc
 23935 | Orc:2    | Killed Blork the orc
 23948 | Orc:2    | Noticed Josephine
 23965 | Orc:1    | Killed Josephine
 24877 | Orc:2    | Noticed Azrael
 24889 | Orc:2    | Killed Azrael
 24891 | Orc:2    | HP: 4/101 [orc/+0 flail (6)]
 25476 | Orc:2    | Reached skill level 5 in Staves
 25621 | Orc:2    | Noticed an orc warlord
 25635 | Orc:2    | Killed an orc warlord
 25636 | Orc:2    | Reached skill level 14 in Spellcasting
 26103 | Orc:2    | Found Ynaizem's General Store.
 26104 | Orc:2    | Found Sokik's Book Shoppe.
 26106 | Orc:2    | Found Xuupyem's Antique Armour Emporium.
 26106 | Orc:2    | Found Riqeoc's Antique Weapon Emporium.
 26121 | Orc:2    | Bought a potion of cancellation for 112 gold pieces
 26603 | D:10     | Entered Level 10 of the Dungeon
 27263 | D:10     | Found a stormy altar of Qazlal.
 27680 | Orc:1    | Found Leokk's Antique Weapon Emporium.
 27721 | Orc:1    | Learned a level 3 spell: Mephitic Cloud
 27911 | D:11     | Gained mutation: You have large cloven feet. [demonic
                  | ancestry]
 27911 | D:11     | Reached XP level 15. HP: 102/108 MP: 33/33
 28109 | D:11     | Noticed a walking frostbound tome
 28110 | D:11     | Found Ohiel's Book Shop.
 28112 | D:11     | Noticed a walking earthen tome
 28120 | D:11     | Bought a book of Burglary for 320 gold pieces
 28120 | D:11     | Bought a book of Spatial Translocations for 288 gold pieces
 28123 | D:11     | Learned a level 2 spell: Blink
 28127 | D:11     | Learned a level 3 spell: Swiftness
 29300 | D:12     | Identified the +7 sling "Lulaluan" {elec, *Slow rCorr
                  | Dex+3}
 29832 | D:12     | Found Xumabed's Weapon Boutique.
 30863 | D:13     | Found a gate leading to a gauntlet.
 30876 | Gauntlet | Entered a Gauntlet
 30876 | Gauntlet | Found a transporter.
 30876 | Gauntlet | Found a large runed translucent door.
 30876 | Gauntlet | Found a large runed translucent door.
 30876 | Gauntlet | Found a large runed translucent door.
 30876 | Gauntlet | Found a large runed translucent door.
 30876 | Gauntlet | Found a runed translucent door.
 30876 | Gauntlet | Found a runed translucent door.
 30876 | Gauntlet | Found a large runed translucent door.
 30876 | Gauntlet | Found a large runed translucent door.
 30876 | Gauntlet | Found a large runed translucent door.
 30876 | Gauntlet | Found a large runed translucent door.
 30876 | Gauntlet | Found a large runed translucent door.
 30876 | Gauntlet | Found a large runed translucent door.
 30896 | Gauntlet | Found a large runed translucent door.
 30896 | Gauntlet | Found a large runed translucent door.
 30904 | Gauntlet | Found a transporter.
 30919 | Gauntlet | Found a transporter.
 30924 | Gauntlet | Found a transporter.
 30939 | Gauntlet | Found a transporter.
 30958 | Gauntlet | Found a transporter.
 30970 | Gauntlet | Found a transporter.
 30978 | Gauntlet | Found a transporter.
 30978 | Gauntlet | Found a transporter.
 31003 | Gauntlet | Found a transporter.
 31011 | Gauntlet | Found a transporter.
 31020 | Gauntlet | Found a transporter.
 31032 | Gauntlet | Found a transporter.
 31049 | Gauntlet | Found a transporter.
 31049 | Gauntlet | Found a transporter.
 31071 | Gauntlet | Found a transporter.
 31124 | Gauntlet | Found a transporter.
 31142 | Gauntlet | Found a large runed translucent door.
 31143 | Gauntlet | Found a large runed translucent door.
 31147 | Gauntlet | Found a runed translucent gate.
 31147 | Gauntlet | Found a runed translucent gate.
 31147 | Gauntlet | Found a runed translucent gate.
 31149 | Gauntlet | Found a large runed translucent door.
 31150 | Gauntlet | Found a large runed translucent door.
 31155 | Gauntlet | Found a transporter.
 31639 | Gauntlet | Identified the +2 hand crossbow of Mutilation {heavy, *Slow
                  | Fly rElec SInv}
 31639 | Gauntlet | Identified the staff of conjuration "Zacvov" {rN+ Str+3
                  | Dex+3}
 31731 | Gauntlet | Got Niez's Cyclopedia of the Wayfarer and Congelation
 31785 | D:13     | Reached skill level 1 in Transmutations
 32134 | D:13     | Found Qikiuxo's Distillery.
 32142 | D:13     | Bought a potion of invisibility for 136 gold pieces
 32142 | D:13     | Bought a potion of might for 68 gold pieces
 32142 | D:13     | Bought a potion of cancellation for 136 gold pieces
 32142 | D:13     | Bought a potion of resistance for 170 gold pieces
 32142 | D:13     | Bought a potion of cancellation for 136 gold pieces
 32142 | D:13     | Bought a potion of magic for 136 gold pieces
 32506 | D:13     | Found a gate to the Vaults.
 32634 | D:13     | Found a portal to a secret trove of treasure.
 32744 | D:13     | Identified the +11 long sword of Cruel Justice {pain,
                  | Dex+3}
 33227 | D:14     | Killed from afar by a deep elf zephyrmancer

Illustrated notes

Levels and vault maps discovered:
D:1:      heliophobic_arrival_henge, layout_loops_ring
D:2:      layout_loops_ring, serial_shops, shop, grunt_decor_resistance,
          nicolae_concentric_dashed_squares_mild
D:3:      layout_basic, chequers_temple_overflow_statue_of_worship,
          gammafunk_temple_overflow_statue
D:4:      layout_basic, minmay_temple_entry_statues_pillars
D:5:      layout_basic, tso_metal_star, nicolae_hepliaklqana_hippocampus,
          led_sif_book
D:6:      layout_basic, mainiacjoe_overflow_paths, uniq_edmund
D:7:      layout_basic, uniq_joseph, uniq_maggie
D:8:      layout_basic, mainiacjoe_overflow_cross_hatched, uniq_pikel
D:9:      layout_loops_corners, due_lair_maze_entry_diamond, orc_0_dummy,
          uniq_maurice, uniq_gastronok, uniq_erolcha
D:10:     layout_roguey, marbit_many_paths
D:11:     layout_basic, serial_rivers, chequers_serial_rivers_micro_b,
          chequers_serial_rivers_room_a, chequers_serial_rivers_marsh,
          chequers_serial_rivers_micro_b, chequers_serial_rivers_micro_c,
          chequers_serial_rivers_micro_b, serial_shops, nicolae_shop_mannequins,
          fungi_pond_lemuel
D:12:     hourglass_vault, layout_irregular_city, serial_ice, serial_ice_k,
          serial_ice_e, serial_ice_n, serial_ice_o, serial_shops, shop
D:13:     kennysheep_big_flooded_room, layout_loops_ring,
          ximxim_vaults_locker_room, gauntlet_entry_generic, serial_shops,
          nicolae_shop_industrial_runoff, enter_trove_3
D:14:     layout_long_grid, infiniplex_staircase_9_rooms
Temple:   nicolae_temple_no_exploring_needed
Lair:1:   layout_chaotic_city, chequers_serial_rivers_small_3,
          chequers_serial_rivers_small_b
Lair:2:   layout_cave_pods, grunt_megastairs_2
Lair:3:   layout_hall_layers, minmay_shoals_entry_hut,
          guppyfry_snake_entry_island, grunt_megastairs_5
Lair:4:   layout_cave_shapes, nicolae_slime_entry_slimehenge,
          nicolae_volcano_entry_lava_flow
Lair:5:   hangedman_lair_in_review, layout_loops_ring,
          hangedman_lair_caniforms_friends
Orc:1:    layout_caves, basic_altar, serial_shops,
          nicolae_shop_just_a_little_nook
Orc:2:    st_orc_congregation, layout_caves, basic_altar, hangedman_minor_magic,
          uniq_josephine, uniq_azrael

Skill      XL: |  1  2  3  4  5  6  7  8  9 10 11 12 13 14 15 |
---------------+----------------------------------------------+-----
Dodging        | 2 3 4 5 6 |  6.8
Earth Magic    | 3 4 5 6 7 9 10 11 12 13 | 13.6
Spellcasting   | 3 4 5 7 8 9 10 11 13 14 | 14.8
Armour         | 1 2 3 4 5 6 |  6.6
Stealth        | 2 4 5 |  5.4
Evocations     | 1 2 |  2.5
Fighting       | 1 2 3 4 |  4.6
Conjurations   | 1 2 5 6 8 10 11 12 | 12.5
Throwing       | 1 2 |  2.2
Staves         | 2 4 5 |  5.2
Transmutations | 1 |  1.4
Short Blades   | |  0.4

Action                     |  1- 3 |  4- 6 |  7- 9 | 10-12 | 13-15 || total
---------------------------+-------+-------+-------+-------+-------++-------
  Melee: Unarmed           |     1 |       |       |       |       ||     1
         Dagger            |       |     8 |     6 |       |       ||    14
         Falchion          |       |       |     6 |       |       ||     6
         Bo                |       |       |     1 |    55 |   132 ||   188
         Punch             |       |       |       |     1 |     1 ||     2
         Kick              |       |       |       |       |     1 ||     1
  Throw: Dart              |       |       |     9 |     3 |     2 ||    14
   Cast: Sandblast         |    55 |    93 |    36 |       |       ||   184
         Stone Arrow       |       |       |    45 |   275 |   693 ||  1013
         Statue Form       |       |       |       |       |     7 ||     7
         Swiftness         |       |       |       |       |     1 ||     1
  Evoke: Wand              |       |     3 |     7 |     7 |    11 ||    28
    Use: Potion            |     1 |       |       |       |    16 ||    17
         Scroll            |       |     1 |     9 |    12 |    18 ||    40
   Stab: Sleeping          |       |     5 |     3 |     2 |     1 ||    11
         Distracted        |       |       |     1 |       |       ||     1
         Invisible         |       |       |       |       |     3 ||     3
 Armour: Leather armour    |     1 |     9 |    10 |       |   188 ||   208
         Acid dragon scale |       |       |     7 |    76 |    40 ||   123
         Skin              |       |       |       |       |    13 ||    13
  Dodge: Dodged            |    12 |    33 |    28 |   138 |   490 ||   701
